 Dungeon Crawl Stone Soup version 0.29-a0-555-g3b24f45cc1 (webtiles) character file.

Game seed: 14789256587118845816

13 Hound7 the Skirmisher (level 2, 0/27 HPs)
             Began as a Hill Orc Fighter on June 8, 2022.
             Slain by a jackal (2 damage)
             ... on level 1 of the Dungeon.
             The game lasted 00:03:13 (74 turns).

Hound7 the Skirmisher (Hill Orc Fighter)              Turns: 74, Time: 00:03:14

Health: 0/27       AC:  6    Str: 18    XL:     2   Next: 37%
Magic:  2/2        EV:  9    Int:  8    God:
Gold:   10         SH:  4    Dex: 10    Spells: 1/1 levels left

rFire   . . .      SeeInvis .   a - +0 war axe
rCold   . . .      Faith    .   c - +0 buckler
rNeg    . . .      Spirit   .   b - +0 scale mail
rPois   .          Reflect  .   (no helmet)
rElec   .          Harm     .   (no cloak)
rCorr   .          Rampage  .   (no gloves)
Will    .....                   (no boots)
Stlth   ..........              (no amulet)
HPRegen 0.09/turn               (no ring)
MPRegen 0.08/turn               (no ring)

@: no status effects
A: no striking features
a: no special abilities


You were on level 1 of the Dungeon.
You visited 1 branch of the dungeon, and saw 1 of its levels.

You collected 10 gold pieces.

Inventory:

Hand Weapons
 a - a +0 war axe (weapon)
Armour
 b - a +0 scale mail (worn)
 c - a +0 buckler (worn)
Potions
 d - a potion of might
 e - 2 potions of curing {unknown}
 f - a potion of ambrosia {unknown}


   Skills:
 * Level 3.8 Fighting
 * Level 2.9 Axes
 * Level 3.5 Armour
 * Level 0.1 Dodging
 * Level 0.2 Stealth
 * Level 3.4 Shields


You had one spell level left.
You didn't know any spells.
Your spell library was empty.

Dungeon Overview and Level Annotations

Branches:
Dungeon (1/15)

Altars:


Message History

You closely miss the rat. You hit the bat. You barely miss the jackal.
You closely miss the giant cockroach. You block the bat's attack.
The jackal bites you but does no damage.
The rat bites you but does no damage.
The giant cockroach bites you but does no damage.
The bat hits you but does no damage.
The jackal bites you but does no damage.
The rat bites you but does no damage. You block the giant cockroach's attack.
You barely miss the rat. You hit the giant cockroach. You hit the jackal.
You kill the jackal!
You slash the bat!
You kill the bat!
The bat hits you.
* * * LOW HITPOINT WARNING * * *
The giant cockroach bites you but does no damage.
The rat bites you but does no damage.
The jackal bites you but does no damage.
You barely miss the rat. You hit the hobgoblin. You barely miss the jackal.
You hit the giant cockroach.
You kill the giant cockroach!
The rat bites you but does no damage. The hobgoblin hits you.
* * * LOW HITPOINT WARNING * * *
The jackal barely misses you.
You closely miss the rat. You barely miss the hobgoblin.
You barely miss the jackal. You closely miss the jackal. You slash the bat!
You kill the bat!
The hobgoblin barely misses you. You block the rat's attack.
You block the jackal's attack.
The jackal bites you but does no damage.
The hobgoblin closely misses you. The rat barely misses you.
The jackal bites you.
* * * LOW HITPOINT WARNING * * *
The jackal bites you but does no damage.
A ball python comes into view.
You slash the rat!
You kill the rat!
You barely miss the hobgoblin. You slash the jackal!
You kill the jackal!
You barely miss the jackal. The jackal bites you.
You die...

#........#
#?.$>....#
##........#
##.......^.##
............##
##.###...[g..#..##
...S....hg.†......
.. ###..#@# #..
##.....h# ..h.#
##...#####
......###....#
#.!.....###### ##
#....#.###<#.##>#
#...##...####....##
#.....
###...##.....#
...##.#
##.###.#..###


You could see 2 jackals, a hobgoblin, a goblin and a ball python.

Vanquished Creatures
  4 bats (D:1)
  An endoplasm (D:1)
  A giant cockroach (D:1)
  A hobgoblin (D:1)
  2 jackals (D:1)
  A quokka (D:1)
  A ball python (D:1)
  A rat (D:1)
12 creatures vanquished.

Notes
Turn   | Place    | Note
-------+----------+-------------------------------------------
     0 | D:1      | Hound7 the Hill Orc Fighter began the quest for the Orb.
     0 | D:1      | Reached XP level 1. HP: 19/19 MP: 1/1
    70 | D:1      | Reached XP level 2. HP: 6/27 MP: 2/2
    74 | D:1      | Slain by a jackal

Illustrated notes

Levels and vault maps discovered:
D:1:      minmay_arrival_jagged, layout_rooms

Action                   || total
-------------------------++-------
Melee: War axe           ||    16
Armor: Scale mail        ||    43
Dodge: Dodged            ||    40
Block: Buckler           ||    13

Table legend: (Time is in decaauts)
 A = Elapsed time spent in this place.
 B = Non-inter-level travel time spent in this place.
 C = Inter-level travel time spent in this place.
 D = Time resting spent in this place.
 E = Time spent auto-exploring this place.
 F = Levels seen in this place.
 G = Mean time per level.
                   A        B        C        D        E       F      G
               +--------+--------+--------+--------+--------+-----+--------+
         Total |     80 |     80 |      0 |      0 |     34 |   1 |   80.0 |
       Dungeon |     80 |     80 |      0 |      0 |     34 |   1 |   80.0 |
               +--------+--------+--------+--------+--------+-----+--------+

Top non-repeatable levels by time:
     D:1: 80 daAuts
